 Dungeon Crawl Stone Soup version 0.30-a0-311-gf115ab0292 (webtiles) character file.

Game seed: 17420605947473242457

57 Lobster4 the Vexing (level 4, -1/33 HPs)
             Began as a Human Wanderer on Oct 25, 2022.
             Slain by a goblin
             ... wielding a +2 dagger of holy wrath
             ... led by Robin
              (5 damage)
             ... on level 2 of the Dungeon.
             The game lasted 00:04:38 (1434 turns).

Lobster4 the Vexing (Human Wanderer)                Turns: 1434, Time: 00:04:38

Health: -1/33      AC:  3    Str: 11    XL:     4   Next: 18%
Magic:  6/6        EV: 11    Int: 14    God:
Gold:   37         SH:  0    Dex: 14    Spells: 5/6 levels left

rFire   . . .      SeeInvis .    a - +1 falchion
rCold   . . .      Faith    .    (no shield)
rNeg    . . .      Spirit   .    d - +0 robe
rPois   .          Reflect  .    (no helmet)
rElec   .          Harm     .    (no cloak)
rCorr   .          Rampage  .    (no gloves)
Will    .....                    l - +0 pair of boots
Stlth   ++........               (no amulet)
HPRegen 0.25/turn                (no ring)
MPRegen 0.10/turn                (no ring)

@: no status effects
A: no striking features
a: no special abilities


You were on level 2 of the Dungeon.
You visited 1 branch of the dungeon, and saw 2 of its levels.

You collected 37 gold pieces.

Inventory:

Hand Weapons
 a - a +1 falchion (weapon)
 b - a +0 sling
Missiles
 c - 3 boomerangs
 e - 5 silver boomerangs (quivered)
 j - 6 poisoned darts
Armour
 d - a +0 robe (worn)
 f - a +0 leather armour
 l - a +0 pair of boots (worn)
Scrolls
 i - a scroll of identify {unknown}
 k - a scroll of noise {unknown}


   Skills:
 + Level 1.7 Fighting
 - Level 1.0 Long Blades
 + Level 0.5 Ranged Weapons
 + Level 1.7 Throwing
 + Level 1.2 Armour
 - Level 3.0 Stealth
 + Level 1.6 Spellcasting
 + Level 3.3 Hexes


You had 5 spell levels left.
You knew the following spells:

 Your Spells              Type           Power      Damage    Failure   Level
a - Slow                  Hex            40%        N/A       6%          1

Your spell library contained the following spells:

 Spells                   Type           Power      Damage    Failure   Level
 Summon Guardian Golem    Hex/Summ       5%         N/A       36%         3
 Gell's Gravitas          Tloc           1%         N/A       58%         3
 Lesser Beckoning         Tloc           2%         N/A       58%         3
 Teleport Other           Tloc           1%         N/A       58%         3
 Fulminant Prism          Conj/Hex       2%         3d6       77%         4


Dungeon Overview and Level Annotations

Branches:
Dungeon (2/15)

Altars:
Cheibriados

Annotations:
D:2 Sigmund


Message History

Robin roars a battlecry!
The goblin barely misses you.
You completely miss Robin.
Robin is almost dead.
The goblin no longer looks unusually strong.
The goblin hits you with a +2 dagger of holy wrath.
Robin hits you with a +0 club. The goblin hits you but does no damage.
You hit Robin but do no damage.
Robin is almost dead.
The goblin no longer looks unusually strong.
Robin closely misses you. The goblin hits you but does no damage.
You barely miss Robin.
Robin is almost dead.
The hobgoblin no longer looks unusually strong.
The goblin hits you with a +2 dagger of holy wrath.
* * * LOW HITPOINT WARNING * * *
Robin roars a battlecry!
The goblins go into a battle-frenzy!
You barely miss Robin.
Robin is almost dead.
The goblin hits you but does no damage.
A goblin comes into view. It is wielding a +0 dagger.
You hit Robin.
You kill Robin!
The goblin no longer looks unusually strong.
The goblin unwields a +0 club.
The goblin wields a +0 sling.
The goblin shoots a sling bullet.
The sling bullet closely misses you.
The sling bullet hits the goblin.
The goblin hits you with a +2 dagger of holy wrath.
* * * LOW HITPOINT WARNING * * *
The goblin hits you with a +0 dagger.
* * * LOW HITPOINT WARNING * * *
The goblin hits you but does no damage.
You have reached level 4!
You feel stronger.
As you read the scroll labelled OBOWISK OXARCHI, it crumbles to dust.
It is a scroll of enchant weapon.
Your +0 falchion glows red for a moment.
The goblin hits you with a +2 dagger of holy wrath.
You die...

#. #. ######. .......
....... ...g..g##
..g...gg# ..#####g#
#@# ## #g## ###. #..#
##...###########.#
##..##<........##.#
...............##.##
...###.........##..#
######.........###.##
#........##### #..###


You could see a hobgoblin (strong) and 4 goblins.

Vanquished Creatures
  Robin (D:2)
  3 dart slugs (D:2)
  6 bats
  2 endoplasms (D:1)
  4 giant cockroaches
  3 goblins
  3 hobgoblins (D:1)
  3 jackals (D:1)
  A quokka (D:1)
  3 ball pythons
  3 frilled lizards
  4 kobolds (D:1)
  A rat (D:2)
37 creatures vanquished.

Notes
Turn   | Place    | Note
-------+----------+-------------------------------------------
     0 | D:1      | Lobster4 the Human Wanderer began the quest for the Orb.
     0 | D:1      | Lobster4 set off with the following items: a +0 falchion, a
                  | +0 pair of boots, a potion of haste, a +0 robe; and the
                  | following spell memorised: Slow; and the following spells
                  | available to memorise: Summon Guardian Golem, Fulminant
                  | Prism.
     0 | D:1      | Reached XP level 1. HP: 15/15 MP: 2/2
    98 | D:1      | Reached XP level 2. HP: 8/21 MP: 3/3
   635 | D:1      | Reached XP level 3. HP: 26/26 MP: 3/5
   934 | D:1      | Reached skill level 1 in Armour
  1081 | D:2      | Found a snail-covered altar of Cheibriados.
  1115 | D:2      | Noticed Sigmund
  1415 | D:2      | Noticed Robin
  1433 | D:2      | Killed Robin
  1434 | D:2      | Reached XP level 4. HP: 3/33 MP: 6/6
  1434 | D:2      | Slain by a goblin

Illustrated notes

Levels and vault maps discovered:
D:1:      scummos_arrival_checkerplants, layout_basic
D:2:      layout_rooms, basic_altar, uniq_robin, uniq_sigmund

Skill      XL: |  1  2  3 |
---------------+----------+-----
Armour         | 1 |  1.2
Fighting       | |  1.7
Long Blades    | |  1.0
Ranged Weapons | |  0.5
Throwing       | |  1.7
Stealth        | |  3.0
Spellcasting   | |  1.6
Hexes          | |  3.3

Action                   |  1- 3 |  4- 6 || total
-------------------------+-------+-------++-------
Melee: Falchion          |   140 |       ||   140
 Fire: Sling             |    17 |       ||    17
Throw: Boomerang         |     1 |       ||     1
 Cast: Slow              |     2 |       ||     2
  Use: Potion            |     2 |       ||     2
       Scroll            |     1 |     1 ||     2
 Stab: Sleeping          |     5 |       ||     5
Armor: Robe              |    56 |       ||    56
Dodge: Dodged            |   126 |       ||   126

Table legend: (Time is in decaauts)
 A = Elapsed time spent in this place.
 B = Non-inter-level travel time spent in this place.
 C = Inter-level travel time spent in this place.
 D = Time resting spent in this place.
 E = Time spent auto-exploring this place.
 F = Levels seen in this place.
 G = Mean time per level.
                   A        B        C        D        E       F      G
               +--------+--------+--------+--------+--------+-----+--------+
         Total |   1459 |   1225 |    234 |    148 |    659 |   2 |  729.5 |
       Dungeon |   1459 |   1225 |    234 |    148 |    659 |   2 |  729.5 |
               +--------+--------+--------+--------+--------+-----+--------+

Top non-repeatable levels by time:
     D:1: 1272 daAuts
     D:2: 186 daAuts
